TOP OF THE 1ST |
Burlington Bees batting - Pitching for Kannapolis Intimidators : LHP Yasuaki Yamada
|
Pitching: LHP Yasuaki Yamada
|
|
Batting: LHB Rusty Ney
|
0-0: Called Strike 0-1: Ball 1-1: Called Strike 1-2: Ball 2-2: Strikes out swinging
|
Batting: RHB Ryan Munro
|
0-0: Called Strike 0-1: Called Strike 0-2: Foul Ball, location: 2F 0-2: Foul Ball, location: 2F 0-2: Ball 1-2: Foul Ball, location: 2F 1-2: Ball 2-2: Ball 3-2: SINGLE (Groundball, 6S, EV 60.6 MPH) (infield hit)
|
Batting: RHB Luis Romero
|
0-0: Ball 1-0: Ball 2-0: Called Strike 2-1: SINGLE (Groundball, 56S, EV 73.8 MPH) (infield hit) Ryan Munro to second
|
Batting: RHB Adam Noyes
|
0-0: Fielders Choice at 2nd, 5-4 (Groundball, 5, EV 106.9 MPH) Ryan Munro to third
|
Batting: RHB Ryuji Ito
|
0-0: Ball 1-0: Called Strike 1-1: Called Strike 1-2: Ball 2-2: Strikes out swinging
|
Top of the 1st over - 0 runs, 2 hits, 0 errors, 2 left on base; Burlington 0 - Kannapolis 0 |
BOTTOM OF THE 1ST |
Kannapolis Intimidators batting - Pitching for Burlington Bees : RHP Allen Weaver
|
Pitching: RHP Allen Weaver
|
|
Batting: LHB John Thurman
|
0-0: Foul Ball, location: 2F 0-1: Fly out, F9 (Flyball, 9S, EV 90.6 MPH)
|
Batting: RHB Mike Warzecha
|
0-0: Foul Ball, location: 2F 0-1: Ball 1-1: Swinging Strike 1-2: Strikes out swinging, 2-3 out at first.
|
Batting: LHB Dustin Taylor
|
0-0: Ground out 4-3 (Groundball, 34, EV 103.1 MPH)
|
Bottom of the 1st over - 0 runs, 0 hits, 0 errors, 0 left on base; Burlington 0 - Kannapolis 0 |
TOP OF THE 2ND |
Burlington Bees batting - Pitching for Kannapolis Intimidators : LHP Yasuaki Yamada
|
Batting: RHB Ben Herman
|
0-0: Ball 1-0: Ball 2-0: Ball 3-0: Called Strike 3-1: Ground out 5-3 (Groundball, 56S, EV 84.4 MPH)
|
Batting: LHB Bill Kirtley
|
0-0: Foul Ball, location: 2F 0-1: Ball 1-1: Ball 2-1: Ground out 5-3 (Groundball, 5, EV 109.4 MPH)
|
Batting: SHB Tim Connell
|
0-0: Ball 1-0: Foul Ball, location: 2F 1-1: Foul Ball, location: 2F 1-2: Fly out, F4 (Popup, 23, EV 89.4 MPH)
|
Top of the 2nd over - 0 runs, 0 hits, 0 errors, 0 left on base; Burlington 0 - Kannapolis 0 |
BOTTOM OF THE 2ND |
Kannapolis Intimidators batting - Pitching for Burlington Bees : RHP Allen Weaver
|
Batting: LHB Angel Tellez
|
0-0: Ball 1-0: Foul Ball, location: 2F 1-1: Ground out 4-3 (Groundball, 34, EV 90.6 MPH)
|
Batting: RHB Jose Medina
|
0-0: Fly out, F4 (Popup, 3S, EV 83.8 MPH)
|
Batting: RHB Brad Boals
|
0-0: Fly out, F6 (Popup, 6MD, EV 56.9 MPH)
|
Bottom of the 2nd over - 0 runs, 0 hits, 0 errors, 0 left on base; Burlington 0 - Kannapolis 0 |
TOP OF THE 3RD |
Burlington Bees batting - Pitching for Kannapolis Intimidators : LHP Yasuaki Yamada
|
Batting: LHB Jorge Zermeno
|
0-0: Ball 1-0: Reached on error, E5 (Groundball, 56, EV 85.6 MPH)
|
Batting: LHB Rusty Ney
|
0-0: Called Strike 0-1: Fielders Choice at 2nd, 4-6 (Groundball, 4, EV 91.2 MPH)
|
Batting: RHB Ryan Munro
|
0-0: Ball 1-0: Swinging Strike 1-1: Called Strike 1-2: Ball 2-2: Fly out, F8 (Flyball, 8LM, EV 83.8 MPH)
|
Batting: RHB Luis Romero
|
0-0: Ball 1-0: Ball 2-0: Ball 3-0: Called Strike 3-1: Called Strike 3-2: SINGLE (Groundball, 6MD, EV 93.8 MPH) Rusty Ney to second Rusty Ney to third
|
Batting: RHB Adam Noyes
|
0-0: Ball Luis Romero steals 2nd base 1-0: Fly out, F7 (Flyball, 7D, EV 79.4 MPH)
|
Top of the 3rd over - 0 runs, 1 hit, 1 error, 2 left on base; Burlington 0 - Kannapolis 0 |
BOTTOM OF THE 3RD |
Kannapolis Intimidators batting - Pitching for Burlington Bees : RHP Allen Weaver
|
Batting: SHB Tadaaki Kondo
|
0-0: Ball 1-0: Ground out 3-1 (Groundball, 34S, EV 88.1 MPH)
|
Batting: RHB Ching-hsia Zhang
|
0-0: Fly out, F9 (Flyball, 9S, EV 86.2 MPH)
|
Batting: RHB Tyrell Camp
|
0-0: Called Strike 0-1: Ground out 6-3 (Groundball, 56, EV 85.6 MPH)
|
Bottom of the 3rd over - 0 runs, 0 hits, 0 errors, 0 left on base; Burlington 0 - Kannapolis 0 |
TOP OF THE 4TH |
Burlington Bees batting - Pitching for Kannapolis Intimidators : LHP Yasuaki Yamada
|
Batting: RHB Ryuji Ito
|
0-0: Foul Ball, location: 2F 0-1: Ball 1-1: Foul Ball, location: 2F 1-2: Foul Ball, location: 2F 1-2: Foul Ball, location: 2F 1-2: Strikes out swinging
|
Batting: RHB Ben Herman
|
0-0: Ground out 6-3 (Groundball, 6, EV 85.6 MPH)
|
Batting: LHB Bill Kirtley
|
0-0: Ball 1-0: Foul Ball, location: 2F 1-1: Called Strike 1-2: Ball 2-2: Fly out, F7 (Flyball, 7LM, EV 73.8 MPH)
|
Top of the 4th over - 0 runs, 0 hits, 0 errors, 0 left on base; Burlington 0 - Kannapolis 0 |
BOTTOM OF THE 4TH |
Kannapolis Intimidators batting - Pitching for Burlington Bees : RHP Allen Weaver
|
Batting: LHB John Thurman
|
0-0: Called Strike 0-1: Swinging Strike 0-2: Ball 1-2: Foul Ball, location: 2F 1-2: Ball 2-2: Strikes out looking
|
Batting: RHB Mike Warzecha
|
0-0: Called Strike 0-1: Ball 1-1: SINGLE (Flyball, 7S, EV 86.2 MPH)
|
Batting: LHB Dustin Taylor
|
0-0: Called Strike 0-1: Ball 1-1: Fielders Choice at 2nd, 5-4 (Groundball, 56S, EV 86.9 MPH)
|
Batting: LHB Angel Tellez
|
0-0: Swinging Strike Dustin Taylor is caught stealing 2nd base 2-6
|
Bottom of the 4th over - 0 runs, 1 hit, 0 errors, 0 left on base; Burlington 0 - Kannapolis 0 |
TOP OF THE 5TH |
Burlington Bees batting - Pitching for Kannapolis Intimidators : LHP Yasuaki Yamada
|
Batting: SHB Tim Connell
|
0-0: Called Strike 0-1: Swinging Strike 0-2: Ball 1-2: Foul Ball, location: 2F 1-2: Foul Ball, location: 2F 1-2: Ball 2-2: Fly out, F9 (Flyball, 9LS, EV 98.1 MPH)
|
Batting: LHB Jorge Zermeno
|
0-0: Fly out, F3 (Popup, 3F, EV 62.5 MPH)
|
Batting: LHB Rusty Ney
|
0-0: Foul Ball, location: 2F 0-1: Ball 1-1: Called Strike 1-2: Strikes out swinging
|
Top of the 5th over - 0 runs, 0 hits, 0 errors, 0 left on base; Burlington 0 - Kannapolis 0 |
BOTTOM OF THE 5TH |
Kannapolis Intimidators batting - Pitching for Burlington Bees : RHP Allen Weaver
|
Batting: LHB Angel Tellez
|
0-0: Ball 1-0: SINGLE (Line Drive, 6D, EV 106.9 MPH)
|
Batting: RHB Jose Medina
|
0-0: Ball 1-0: Called Strike 1-1: Ball 2-1: Ball 3-1: Foul Ball, location: 2F 3-2: Strikes out looking
|
Batting: RHB Brad Boals
|
0-0: Ball 1-0: Foul Ball, location: 2F 1-1: Foul Ball, location: 2F 1-2: Ball 2-2: Ball 3-2: Fly out, F5 (Popup, 25F, EV 83.8 MPH)
|
Batting: SHB Tadaaki Kondo
|
0-0: Called Strike 0-1: Called Strike 0-2: Ball 1-2: Strikes out swinging
|
Bottom of the 5th over - 0 runs, 1 hit, 0 errors, 1 left on base; Burlington 0 - Kannapolis 0 |
TOP OF THE 6TH |
Burlington Bees batting - Pitching for Kannapolis Intimidators : LHP Yasuaki Yamada
|
Batting: RHB Ryan Munro
|
0-0: Called Strike 0-1: Ball 1-1: Ball 2-1: DOUBLE (Line Drive, 9LM, EV 103.8 MPH)
|
Batting: RHB Luis Romero
|
0-0: Ball 1-0: Ground out 4-3 (Groundball, 4, EV 91.9 MPH) Ryan Munro to third
|
Batting: RHB Adam Noyes
|
0-0: Called Strike 0-1: Fly out, F7 (Flyball, 7, EV 92.5 MPH)
|
Batting: RHB Ryuji Ito
|
0-0: Ball 1-0: Foul Ball, location: 2F 1-1: Called Strike 1-2: Ball 2-2: Fly out, F8 (Flyball, 8RD, EV 86.9 MPH)
|
Top of the 6th over - 0 runs, 1 hit, 0 errors, 1 left on base; Burlington 0 - Kannapolis 0 |
BOTTOM OF THE 6TH |
Kannapolis Intimidators batting - Pitching for Burlington Bees : RHP Allen Weaver
|
Batting: RHB Ching-hsia Zhang
|
0-0: Ball 1-0: SINGLE (Line Drive, 78S, EV 93.8 MPH)
|
Batting: RHB Tyrell Camp
|
0-0: Ball 1-0: SINGLE (Groundball, 56D, EV 108.8 MPH) Ching-hsia Zhang to second
|
Batting: LHB John Thurman
|
0-0: Fly out, F7 (Line Drive, 78S, EV 91.9 MPH)
|
Batting: RHB Mike Warzecha
|
0-0: Called Strike 0-1: Ball 1-1: Swinging Strike 1-2: Ground out 5-3 (Groundball, 5S, EV 75.6 MPH) Ching-hsia Zhang to third Tyrell Camp to second
|
Batting: LHB Dustin Taylor
|
0-0: Ball 1-0: Foul Ball, location: 2F 1-1: Ball 2-1: Ball 3-1: Base on Balls
|
Batting: LHB Angel Tellez
|
0-0: Ball 1-0: GRAND SLAM HOME RUN (Flyball, 9D, EV 95.6 MPH), Distance : 363 ft
|
Batting: RHB Jose Medina
|
0-0: Ball 1-0: Ball 2-0: Fly out, F8 (Flyball, 8RM, EV 80.6 MPH)
|
Bottom of the 6th over - 4 runs, 3 hits, 0 errors, 0 left on base; Burlington 0 - Kannapolis 4 |
TOP OF THE 7TH |
Burlington Bees batting - Pitching for Kannapolis Intimidators : LHP Yasuaki Yamada
|
Batting: RHB Ben Herman
|
0-0: Called Strike 0-1: Ball 1-1: Foul Ball, location: 2F 1-2: Ground out 1-3 (Groundball, 34S, EV 76.2 MPH)
|
Batting: LHB Bill Kirtley
|
0-0: Ball 1-0: Foul Ball, location: 2F 1-1: Swinging Strike 1-2: Strikes out swinging
|
Batting: SHB Tim Connell
|
0-0: Ball 1-0: Called Strike 1-1: DOUBLE (Line Drive, 5D, EV 96.9 MPH)
|
Batting: LHB Jorge Zermeno
|
0-0: Swinging Strike 0-1: Foul Ball, location: 2F 0-2: Foul Ball, location: 2F 0-2: Ball 1-2: Ball 2-2: Fly out, F4 (Popup, 34, EV 72.5 MPH)
|
Top of the 7th over - 0 runs, 1 hit, 0 errors, 1 left on base; Burlington 0 - Kannapolis 4 |
BOTTOM OF THE 7TH |
Kannapolis Intimidators batting - Pitching for Burlington Bees : RHP Allen Weaver
|
Batting: RHB Brad Boals
|
0-0: Ball 1-0: Swinging Strike 1-1: Ball 2-1: Swinging Strike 2-2: Foul Ball, location: 2F 2-2: Ball 3-2: TRIPLE (Line Drive, 78XD, EV 108.8 MPH)
|
Batting: SHB Tadaaki Kondo
|
0-0: Called Strike 0-1: Ball 1-1: Ball 2-1: Ball 3-1: Foul Ball, location: 2F 3-2: Strikes out swinging
|
Batting: RHB Ching-hsia Zhang
|
0-0: Called Strike 0-1: Ground out 6-3 (Groundball, 56, EV 85.0 MPH) Brad Boals scores
|
Batting: RHB Tyrell Camp
|
0-0: Called Strike 0-1: Foul Ball, location: 2F 0-2: Ball 1-2: Ball 2-2: Ground out 1-3 (Groundball, 13, EV 71.2 MPH)
|
Bottom of the 7th over - 1 run, 1 hit, 0 errors, 0 left on base; Burlington 0 - Kannapolis 5 |
TOP OF THE 8TH |
Burlington Bees batting - Pitching for Kannapolis Intimidators : LHP Yasuaki Yamada
|
Pitching: RHP Jose Leal
|
|
Batting: LHB Rusty Ney
|
0-0: Swinging Strike 0-1: Ground out 5-3 (Groundball, 56S, EV 86.9 MPH)
|
Batting: RHB Ryan Munro
|
0-0: Ball 1-0: Ball 2-0: Ball 3-0: Swinging Strike 3-1: Foul Ball, location: 2F 3-2: Strikes out swinging
|
Batting: RHB Luis Romero
|
0-0: Ball 1-0: Ball 2-0: Ball 3-0: Base on Balls
|
Batting: RHB Adam Noyes
|
0-0: Ball 1-0: Ball 2-0: Ball 3-0: Base on Balls Luis Romero to second
|
Batting: RHB Ryuji Ito
|
0-0: Fielders Choice at 2nd, 5-4 (Groundball, 56, EV 110.6 MPH)
|
Top of the 8th over - 0 runs, 0 hits, 0 errors, 2 left on base; Burlington 0 - Kannapolis 5 |
BOTTOM OF THE 8TH |
Kannapolis Intimidators batting - Pitching for Burlington Bees : RHP Allen Weaver
|
Batting: LHB John Thurman
|
0-0: Ball 1-0: Called Strike 1-1: Ball 2-1: Fly out, F9 (Flyball, 89M, EV 81.2 MPH)
|
Batting: RHB Mike Warzecha
|
0-0: Ball 1-0: DOUBLE (Line Drive, 89XD, EV 115.0 MPH)
|
Batting: LHB Dustin Taylor
|
0-0: Foul Ball, location: 2F 0-1: Ball 1-1: Fly out, F8 (Flyball, 89D, EV 91.9 MPH) Runner from 2nd tags up, SAFE at 3rd, no throw by CF
|
Batting: LHB Angel Tellez
|
0-0: Ball 1-0: Ball 2-0: Ball 3-0: Base on Balls
|
Batting: RHB Jose Medina
|
0-0: Called Strike 0-1: Ball 1-1: Ball 2-1: Foul Ball, location: 2F 2-2: Foul Ball, location: 2F 2-2: Foul Ball, location: 2F 2-2: Strikes out swinging
|
Bottom of the 8th over - 0 runs, 1 hit, 0 errors, 2 left on base; Burlington 0 - Kannapolis 5 |
TOP OF THE 9TH |
Burlington Bees batting - Pitching for Kannapolis Intimidators : RHP Jose Leal
|
Batting: RHB Ben Herman
|
0-0: Called Strike 0-1: Foul Ball, location: 2F 0-2: Ground out 5-3 (Groundball, 5, EV 83.1 MPH)
|
Batting: LHB Bill Kirtley
|
0-0: Called Strike 0-1: Ball 1-1: Foul Ball, location: 2F 1-2: Foul Ball, location: 2F 1-2: Fly out, F6 (Popup, 6, EV 58.1 MPH)
|
Batting: SHB Tim Connell
|
0-0: Called Strike 0-1: Ball 1-1: Swinging Strike 1-2: Ball 2-2: Strikes out swinging
|
Top of the 9th over - 0 runs, 0 hits, 0 errors, 0 left on base; Burlington 0 - Kannapolis 5 |
|